 Dungeon Crawl Stone Soup version 0.30.0-29-ga12c61a403 (webtiles) character file.

Game seed: 4504310460559047596

14 qw the Shield-Bearer (level 2, 0/19 HPs)
             Began as a Gargoyle Fighter on June 5, 2023.
             Slain by an iguana (8 damage)
             ... on level 1 of the Dungeon.
             The game lasted 00:00:26 (641 turns).

qw the Shield-Bearer (Gargoyle Fighter)              Turns: 641, Time: 00:00:27

Health: 0/19       AC:  9    Str: 19    XL:     2   Next: 41%
Magic:  2/2        EV:  9    Int:  8    God:
Gold:   19         SH:  9    Dex:  9    Spells: 1/1 levels left

rFire   . . .        Y - +0 war axe
rCold   . . .        c - +0 buckler
rNeg    + . .        b - +0 scale mail
rPois   inf          (no helmet)
rElec   +            (no cloak)
rCorr   .            (no gloves)
SInv    .            (no boots)
Will    .....        f - amulet of reflection Stlth
                     (no ring)
HPRegen 0.23/turn    (no ring)
MPRegen 0.08/turn

%: reflection
@: no status effects
A: sickness immunity, AC +2, negative energy resistance 1, electricity
resistance, torment resistance 1, petrification resistance
a: no special abilities


You were on level 1 of the Dungeon.
You visited 1 branch of the dungeon, and saw 2 of its levels.

You collected 19 gold pieces.


Innate Abilities, Weirdness & Mutations

You are immune to sickness and miasma.
Your stone body is resilient. (AC +2)
You are immune to poison.
You resist negative energy. (rN+)
You are resistant to electric shocks. (rElec)
You are resistant to unholy torment.
You are immune to petrification.


   Skills:
 - Level 3.2 Fighting
 + Level 2.7 Axes
 - Level 3.2 Armour
 - Level 3.2 Shields


You had one spell level left.
You didn't know any spells.
Your spell library was empty.

Inventory:

Hand Weapons
 e - a +0 mace
 Y - a +0 war axe (weapon)
Armour
 b - a +0 scale mail (worn)
 c - a +0 buckler (worn)
Jewellery
 f - an amulet of reflection (around neck)
Potions
 d - a potion of might
 h - a potion of lignification {unknown}

Dungeon Overview and Level Annotations

Branches:
Dungeon (2/15)

Altars:


Message History

The ball python constricts you. You block the adder's attack.
The iguana bites you. The ball python completely misses you.
The ball python constricts you. The adder bites you.
You barely miss the ball python. You closely miss the adder.
You barely miss the iguana. You block the ball python's attack.
The ball python constricts you. You block the adder's attack.
The iguana closely misses you. The ball python closely misses you.
The ball python constricts you. You block the adder's attack.
The iguana bites you but does no damage.
You hit the ball python.
You kill the ball python!
You closely miss the adder. You hit the iguana but do no damage.
The adder bites you but does no damage.
The iguana bites you but does no damage.
The adder closely misses you.
636 ||| STAIRDANCE The adder bites you but does no damage.
The iguana barely misses you.
You climb upwards.
There is a stone staircase leading down here.
You closely miss the adder.
The adder is almost dead.
You closely miss the iguana. The adder barely misses you.
You block the iguana's attack. The adder bites you.
You closely miss the adder.
The adder is almost dead.
You hit the iguana. You block the iguana's attack.
You block the adder's attack. The iguana closely misses you.
You block the adder's attack.
You closely miss the adder.
The adder is almost dead.
You hit the iguana. You block the adder's attack.
The iguana bites you but does no damage.
The adder barely misses you.
You slash the adder!
You kill the adder!
You hit the iguana. The iguana bites you!
You die...

############ ...........#
...........# ......)....#
...........# ...........#
...........#
...........#################
................@..........#
...........#####l#########.#
...........# #.# #.#
...........# #.# #.#
##..######## #.# #.#
......## #.# #.# #####..##
#.# #.# .....#..## #.# #.#
......#..## #.# #.#


You could see an iguana.

Vanquished Creatures
  An adder (D:1)
  An endoplasm (D:1)
  A hobgoblin (D:1)
  A quokka (D:1)
  2 ball pythons
  6 frilled lizards (D:1)
  2 kobolds (D:1)
  2 rats (D:1)
16 creatures vanquished.

Notes
Turn   | Place    | Note
-------+----------+-------------------------------------------
     0 | D:1      | qw the Gargoyle Fighter began the quest for the Orb.
     0 | D:1      | Reached XP level 1. HP: 14/14 MP: 1/1
     0 | D:1      | 0 ||| qw: Version: 0.2-a-108-gee2c290
     0 | D:1      | 0 ||| qw: Game counter: 1372
     0 | D:1      | 0 ||| qw: Always use a shield: true
     0 | D:1      | 0 ||| qw: God list: Okawaru
     0 | D:1      | 0 ||| qw: Allow faded altars: false
     0 | D:1      | 0 ||| qw: Do Orc after D:15 true
     0 | D:1      | 0 ||| qw: Do second Lair branch before Depths: true
     0 | D:1      | 0 ||| qw: Lair rune preference: random
     0 | D:1      | 0 ||| qw: Plans: Normal, Zot:1-4, Slime:5, God:TSO, Crypt,
                  | Tomb, Abyss, Pan, Hells, Win
     0 | D:1      | 0 ||| PLANNING D:1-11
   318 | D:1      | 318 ||| Stepping ~*~*~tactically~*~*~ (hiding).
   319 | D:1      | 319 ||| Stepping ~*~*~tactically~*~*~ (hiding).
   321 | D:1      | 321 ||| Stepping ~*~*~tactically~*~*~ (hiding).
   360 | D:1      | Reached XP level 2. HP: 19/19 MP: 2/2
   599 | D:1      | 599 ||| UPGRADING to amulet of reflection.
   604 | D:1      | 604 ||| READING scroll labelled UBE WEVUOPT.
   605 | D:1      | 605 ||| READING scroll labelled BUB WOILUNAMM.
   636 | D:2      | 636 ||| STAIRDANCE
   641 | D:1      | Slain by an iguana

Levels and vault maps discovered:
D:1:      scummos_arrival_hexagon, layout_basic, hangedman_decor_diamond_cutter,
          corner_web_ring, serial_bayou_pond_d
D:2:      minmay_inner_zag, layout_basic, serial_shops, nicolae_shop_mannequins

Skill      XL: |  1 |
---------------+----+-----
Axes           | 2 |  2.7
Fighting       | |  3.2
Armour         | |  3.2
Shields        | |  3.2

Action                     || total
---------------------------++-------
  Melee: War axe           ||    55
    Use: Scroll            ||     2
 Armour: Scale mail        ||    34
  Dodge: Dodged            ||    25
  Block: Buckler           ||    21

Table legend:
 A = Non-vault XP
 B = Vault XP
 C = Vault XP percentage of total XP
 D = Non-vault monster count
 E = Vault monster count
 F = Vault count percentage of total count
                 A         B        C        D         E       F
            +---------+---------+-------+---------+---------+-------
      Total |      34 |       0 |   0.0 |      16 |       0 |   0.0
            +---------+---------+-------+---------+---------+-------
        D:1 |      32 |       0 |   0.0 |      15 |       0 |   0.0
        D:2 |       2 |       0 |   0.0 |       1 |       0 |   0.0
            +---------+---------+-------+---------+---------+-------
